 Dungeon Crawl Stone Soup version 0.23.2-1-ga50397a (webtiles) character file.

Game seed: 2315906843873428515

19 Iscandelvey the Vexing (level 2, 21/21 HPs)
             Began as a Demonspawn Arcane Marksman on Apr 17, 2019.
             Quit the game on level 2 of the Dungeon.
             The game lasted 00:00:49 (851 turns).

Iscandelvey the Vexing (Demonspawn Arcane Marksman)  Turns: 851, Time: 00:00:50

Health: 21/21      AC:  3    Str: 10    XL:     2   Next: 55%
Magic:  3/3        EV: 12    Int: 14    God:
Gold:   94         SH:  0    Dex: 13    Spells: 2/3 levels left

rFire    . . .     SeeInvis .   a - +0 hand crossbow
rCold    . . .     Gourm    .   (no shield)
rNeg     . . .     Faith    .   e - +0 robe
rPois    .         Spirit   .   (no helmet)
rElec    .         Reflect  .   (no cloak)
rCorr    .         Harm     .   (no gloves)
MR       .....                  (no boots)
Stlth    +.........             (no amulet)
HPRegen  0.07/turn              (no ring)
MPRegen  0.08/turn              (no ring)

@: no status effects
A: rugged brown scales 1
a: no special abilities


You were on level 2 of the Dungeon.
You were not hungry.

You visited 1 branch of the dungeon, and saw 2 of its levels.

You collected 94 gold pieces.

Inventory:

Hand Weapons
 a - a +0 hand crossbow (weapon)
Missiles
 d - 32 bolts (quivered)
Armour
 e - a +0 robe (worn)
Jewellery
 l - an uncursed ring of fire {unknown}
Scrolls
 b - a scroll of enchant weapon {unknown}
 c - a scroll of teleportation {unknown}
 g - 3 scrolls of identify {unknown}
 i - a scroll of remove curse {unknown}
 j - a scroll of magic mapping {unknown}
 k - a scroll of blinking {unknown}
Potions
 h - a potion of curing {unknown}
 m - a potion of heal wounds {unknown}
 n - a potion of might {unknown}
Comestibles
 f - 3 rations


   Skills:
 + Level 1.0 Fighting
 + Level 2.5 Crossbows
 + Level 1.8 Dodging
 + Level 1.0 Spellcasting
 + Level 3.2 Hexes


You had 2 spell levels left.
You knew the following spells:

 Your Spells              Type           Power        Failure   Level  Hunger
a - Corona                Hex            #......      7%          1    ##.....

Your spell library contained the following spells:

 Spells                   Type           Power        Failure   Level  Hunger
 Slow                     Hex            #.......     11%         2    ###....
 Magic Dart               Conj           #...         26%         1    ##.....
 Inner Flame              Hex/Fire       #.......     38%         3    ####...
 Portal Projectile        Hex/Tloc       #.....       38%         3    ####...
 Cause Fear               Hex            #.........   56%         4    #####..
 Leda's Liquefaction      Hex/Erth       #.........   80%         4    #####..


Dungeon Overview and Level Annotations

Branches:
Dungeon (2/15)

Altars:
Kikubaaqudgha
Sif Muna
Vehumet


Innate Abilities, Weirdness & Mutations

You are partially covered in rugged brown scales. (AC +1, +3% HP)


Message History

There is an open door here.
You see here a giant cockroach corpse.
d - 32 bolts (gained 2)
You open the door.
There is an open door here.
You open the door.
There is an open door here.
You open the door.
There is an open door here.
n - a fuming coppery potion No target in view!
You open the door.
There is an open door here.
Found a deep blue altar of Sif Muna.
No target in view!
Found an ancient bone altar of Kikubaaqudgha and a radiant altar of Vehumet.
You pick up Vehumet's Volume of Conjuration and begin reading...
You add the spell Magic Dart to your library.
A rat comes into view.
Are you sure you want to abandon this character and quit the game? (Confirm with "yes".)

####...##.#
#####............ .#
#...##.#
#............
.###...##.#
#............
.†.'...'..#
###............
.###...####
#.............. .#
#...#
####.#.###........
####...#
###8##...##8#.##+###
.......+
#...#.⌠.#...#.+
####...#
#_.....@..._#.#
#...#
#...##.##...#.#
#####
##8##...##8####
###8...8### ##._.##
#####


There were no monsters in sight!

Vanquished Creatures
  A dart slug (D:2)
  2 bats
  2 giant cockroaches
  3 hobgoblins
  A frilled lizard (D:1)
  3 goblins
  4 rats
16 creatures vanquished.

Notes
Turn   | Place    | Note
-------+----------+-------------------------------------------
     0 | D:1      | Iscandelvey the Demonspawn Arcane Marksman began the quest
                  | for the Orb.
     0 | D:1      | Reached XP level 1. HP: 15/15 MP: 2/2
   493 | D:1      | Gained mutation: You are partially covered in rugged brown
                  | scales. (AC +1, +3% HP) [demonic ancestry]
   493 | D:1      | Reached XP level 2. HP: 15/21 MP: 3/3
   822 | D:2      | Found a deep blue altar of Sif Muna.
   823 | D:2      | Found an ancient bone altar of Kikubaaqudgha.
   823 | D:2      | Found a radiant altar of Vehumet.
   829 | D:2      | Identified Vehumet's Volume of Conjuration
   851 | D:2      | Quit the game

Skill      XL: |  1 |
---------------+----+-----
Crossbows      | 2 |  2.5
Fighting       | |  1.0
Dodging        | |  1.8
Spellcasting   | |  1.0
Hexes          | |  3.2

Action                   || total
-------------------------++-------
 Fire: Hand crossbow     ||    55
Armor: Robe              ||     6
Dodge: Dodged            ||     9
